 Dungeon Crawl Stone Soup version 0.29.1-1-gd02db6906a (webtiles) character file.

Game seed: 16649155477081311209

6936 mcbry74 the Grappler (level 10, -2/91 HPs)
             Began as a Troll Fighter on Sept 21, 2022.
             Was a High Priest of Okawaru.
             Slain by a death knight
             ... wielding a +2 great sword
              (28 damage)
             ... on level 11 of the Dungeon.
             The game lasted 00:33:24 (7987 turns).

mcbry74 the Grappler (Troll Fighter)                Turns: 7987, Time: 00:33:24

Health: -2/91      AC: 13    Str: 28    XL:     10   Next: 80%
Magic:  9/9        EV:  8    Int:  6    God:    Okawaru [*****.]
Gold:   790        SH:  9    Dex:  9    Spells: 6/9 levels left

rFire   . . .      SeeInvis .     - Unarmed
rCold   . . .      Faith    .   b - +1 kite shield
rNeg    . . .      Spirit   .   K - +0 troll leather armour
rPois   .          Reflect  .   (helmet currently unavailable)
rElec   .          Harm     .   D - +2 cloak
rCorr   .          Rampage  .   (gloves unavailable)
Will    .....                   (boots unavailable)
Stlth   +.........              F - amulet of regeneration
HPRegen 2.65/turn               L - ring of wizardry
MPRegen 0.11/turn               u - +4 ring of protection

@: appendages (expiring)
A: horns 2, talons 2, large, unfitting armour, claws 3, regeneration 1, shaggy
fur 1, tough skin 1
a: End Transformation, Renounce Religion, Heroism, Finesse, Duel


You were on level 11 of the Dungeon.
You worshipped Okawaru.
Okawaru was extremely pleased with you.
You had temporarily grown beastly horns and talons.
You visited 2 branches of the dungeon, and saw 12 of its levels.

You collected 790 gold pieces.

Inventory:

Hand Weapons
 A - the +6 trident "Suhest" {vorpal, rPois Will+ Str+4 Dex+3}
   (You found it on level 3 of the Dungeon)

   It inflicts extra damage upon your enemies.
   Str:       It affects your strength (+4).
   Dex:       It affects your dexterity (+3).
   rPois:     It protects you from poison.
   Will:      It increases your willpower.
 M - the +9 quarterstaff "Zivu" {flame, rF++ Dex+4}
   (You found it on level 6 of the Dungeon)

   It burns those it strikes, dealing additional fire damage.
   Dex:       It affects your dexterity (+4).
   rF:        It greatly protects you from fire.
 Q - a +7 flail
Missiles
 f - a throwing net
 B - 57 stones
 E - 12 poisoned darts (quivered)
 N - 5 boomerangs
 S - 3 atropa-tipped darts
Armour
 a - a +0 robe
 b - a +1 kite shield (worn)
 x - a +0 cloak
 D - a +2 cloak (worn)
 J - +0 steam dragon scales
 K - a +0 troll leather armour (worn)
 V - the +0 hat of Watchfulness (melded) {Int+4}
   (Okawaru gifted it to you on level 10 of the Dungeon)

   Int:       It affects your intelligence (+4).
Jewellery
 o - a +4 ring of evasion
 p - a ring of positive energy
 u - a +4 ring of protection (right claw)
 C - a ring of magical power
 F - an amulet of regeneration (around neck)
 G - an amulet of the acrobat
 I - a ring of wizardry
 L - a ring of wizardry (left claw)
Wands
 t - a wand of paralysis (16)
 H - a wand of iceblast (14)
 O - a wand of digging (15)
Scrolls
 d - 2 scrolls of poison
 h - 2 scrolls of identify
 j - 5 scrolls of immolation
 l - 2 scrolls of torment
 m - 2 scrolls of silence
 s - 4 scrolls of teleportation
 v - 4 scrolls of butterflies
 w - 2 scrolls of noise
 y - a scroll of amnesia
 U - a scroll of blinking
Potions
 c - 4 potions of might
 e - 8 potions of curing
 g - 4 potions of resistance {unknown}
 i - 3 potions of brilliance
 k - a potion of haste {unknown}
 n - 3 potions of heal wounds
 q - 2 potions of attraction {unknown}
 r - 3 potions of invisibility
 z - 2 potions of cancellation {unknown}
 P - a potion of ambrosia {unknown}
 R - a potion of mutation {unknown}
 T - a potion of flight {unknown}


   Skills:
 - Level 3.0 Fighting
 + Level 3.3 Maces & Flails
 - Level 0.7 Polearms
 + Level 4.0 Throwing
 - Level 3.0 Dodging
 + Level 6.6 Shields
 * Level 11.4 Unarmed Combat
 + Level 5.7 Transmutations


You had 6 spell levels left.
You knew the following spells:

 Your Spells              Type           Power      Damage    Failure   Level
a - Beastly Appendage     Tmut           12%        N/A       4%          1
b - Wereblood             Tmut           6%         N/A       7%          2

Your spell library contained the following spells:

 Spells                   Type           Power      Damage    Failure   Level
 Spider Form              Tmut/Pois      3%         N/A       38%         3
 Sublimation of Blood     Necr           0%         N/A       54%         2
 Blade Hands              Tmut           3%         N/A       73%         5
 Dazzling Flash           Conj/Hex       0%         N/A       77%         3
 Portal Projectile        Hex/Tloc       0%         N/A       77%         3
 Stone Arrow              Conj/Erth      0%         3d7       77%         3
 Hailstorm                Conj/Ice       0%         3d3       98%         4
 Iskenderun's Mystic Bla  Conj/Tloc      0%         2d3       98%         4
 Freezing Cloud           Conj/Ice/Air   0%         6-21      100%        5
 Lightning Bolt           Conj/Air       0%         1d11      100%        5
 Starburst                Conj/Fire      0%         6d3       100%        6
 Lehudib's Crystal Spear  Conj/Erth      0%         10d2      100%        8
 Tukima's Dance           Hex            Unusable   N/A       N/A         3
 Animate Armour           Summ/Erth      Unusable   N/A       N/A         4
 Summon Hydra             Summ           Unusable   N/A       N/A         7

Dungeon Overview and Level Annotations

Branches:
Dungeon (11/15)            Temple (1/1) D:4             Orc (0/2) D:10
   Lair: D:8-11

Altars:
Ashenzari
Cheibriados
Dithmenos
Elyvilon
Fedhas
Gozag
Hepliaklqana
Kikubaaqudgha
Makhleb
Nemelex Xobeh
Okawaru
Qazlal
Ru
Sif Muna
Trog
Uskayaw
Vehumet
Wu Jian
Xom
Yredelemnul
Zin
The Shining One

Shops:
D:2 =   D:4 *   D:5 *

Portals:
Abyss: D:7

Annotations:
D:7 2 transporters, zurenarrh's ghost, novice TrWr


Innate Abilities, Weirdness & Mutations

You have temporarily grown beastly horns and talons.
You are too large for most types of armour.
You have claws for hands.
Your natural rate of healing is unusually fast.
You are covered in fur. (AC +1)
You have tough skin. (AC +1)


Message History

You claw the death knight! Your kick misses the death knight.
Your headbutt misses the death knight.
The death knight is lightly wounded.
You claw the death knight! You claw the death knight.
Your headbutt misses the death knight.
The death knight is moderately wounded.
The death knight offers itself to Yredelemnul, and fills with unholy energy.
You mangle the death knight!!
You claw the death knight, but do no damage.
You headbutt the death knight.
The death knight is severely wounded.
The death knight reflects your damage back at you!
You hear a shout!
The death knight invokes the aid of Yredelemnul against you.
You struggle to resist.
You closely miss the death knight. Your kick misses the death knight.
The death knight is severely wounded.
The death knight barely misses you.
You scratch the death knight. Your kick misses the death knight.
You headbutt the death knight, but do no damage.
The death knight is severely wounded.
The death knight reflects your damage back at you!
The death knight invokes the aid of Yredelemnul against you.
Your body is wracked with pain!
You closely miss the death knight. Your kick misses the death knight.
The death knight is severely wounded.
A death knight comes into view. It is wielding a +2 glaive.
The death knight hits you with a +2 great sword!
You claw the death knight! You claw the death knight.
The death knight is almost dead.
The death knight reflects your damage back at you!
* * * LOW HITPOINT WARNING * * *
The death knight hits you from afar with a +2 glaive!
* * * LOW HITPOINT WARNING * * *
You block the death knight's attack.
The death knight offers itself to Yredelemnul, and fills with unholy energy.
Your transformation is almost over.
The death knight attacks as you move away!
The death knight hits you with a +2 great sword!!
You die...

...........#
.....<...#
####.......#
...........#
...........#
......#p...####
..... #........
...p #p.......
... #@.......
#) #<....... #
#........
#........
#........
#........
#.......#
#.......#
#.......#


You could see 2 death knights.

Vanquished Creatures
  A two-headed ogre (D:10)
  2 trolls
  Grinder (D:5)
  A wraith (D:10)
  7 yaks
  4 steam dragons
  2 water moccasins
  2 sky beasts
  8 orc warriors
  A black bear (D:5)
  4 centaurs
  A phantom (D:6)
  3 bullfrogs
  4 necrophages
  A scorpion (D:4)
  19 wights
  4 howler monkeys
  3 hounds
  5 orc priests
  Jessica (D:2)
  Terence (D:3)
  5 iguanas
  8 orc wizards
  5 gnolls
  5 adders
  3 ufetubi
  2 worms
  4 dart slugs
  36 orcs
  2 ball pythons
  7 endoplasms
  5 giant cockroaches
  8 goblins
  8 hobgoblins
  6 jackals
  6 quokkas
  2 bats
  5 frilled lizards
  8 kobolds
  4 rats
204 creatures vanquished.

Vanquished Creatures (others)
  An orc (D:6)
1 creature vanquished.

Grand Total: 205 creatures vanquished

Notes
Turn   | Place    | Note
-------+----------+-------------------------------------------
     0 | D:1      | mcbry74 the Troll Fighter began the quest for the Orb.
     0 | D:1      | Reached XP level 1. HP: 22/22 MP: 0/0
    49 | D:1      | Reached XP level 2. HP: 29/29 MP: 1/1
   633 | D:1      | Found a faded altar of an unknown god.
   893 | D:2      | Reached XP level 3. HP: 36/36 MP: 2/2
   954 | D:2      | Found Suifatwean's One-of-a-Kind Rings.
  1025 | D:2      | Reached skill level 3 in Unarmed Combat
  1147 | D:2      | Noticed Jessica
  1148 | D:2      | Killed Jessica
  1149 | D:2      | Reached XP level 4. HP: 44/44 MP: 3/3
  1308 | D:2      | Learned a level 1 spell: Beastly Appendage
  1868 | D:3      | Noticed Terence
  1875 | D:3      | Killed Terence
  1876 | D:3      | Reached XP level 5. HP: 51/53 MP: 4/4
  2105 | D:3      | Identified the +6 trident "Suhest" {vorpal, rPois Will+
                  | Str+4 Dex+3}
  2390 | D:4      | Reached skill level 4 in Unarmed Combat
  2403 | D:4      | Reached skill level 1 in Transmutations
  2468 | D:4      | Reached XP level 6. HP: 57/61 MP: 5/5
  2562 | D:4      | Found Karoar's Assorted Antiques.
  2633 | D:4      | Reached skill level 5 in Unarmed Combat
  2635 | D:4      | Found a staircase to the Ecumenical Temple.
  2649 | Temple   | Entered the Ecumenical Temple
  2696 | Temple   | Became a worshipper of Warmaster Okawaru
  3181 | D:5      | Entered Level 5 of the Dungeon
  3204 | D:5      | Found a basalt altar of Yredelemnul.
  3265 | D:5      | Noticed Grinder
  3278 | D:5      | Killed Grinder
  3278 | D:5      | Reached * piety under Okawaru
  3279 | D:5      | Reached skill level 6 in Unarmed Combat
  3279 | D:5      | Reached XP level 7. HP: 67/67 MP: 4/6
  3452 | D:5      | Found Liuneet's Gadget Gallery.
  3627 | D:5      | Found a hazy altar of Hepliaklqana.
  3731 | D:5      | Learned a level 2 spell: Wereblood
  4007 | D:5      | Reached skill level 7 in Unarmed Combat
  4090 | D:6      | Noticed a steam dragon
  4116 | D:6      | Killed a steam dragon
  4117 | D:6      | Reached XP level 8. HP: 42/75 MP: 7/7
  4196 | D:6      | Found a sparkling altar of Nemelex Xobeh.
  4203 | D:6      | Identified the +9 quarterstaff "Zivu" {flame, rF++ Dex+4}
  4325 | D:6      | Reached ** piety under Okawaru
  4333 | D:6      | Reached skill level 8 in Unarmed Combat
  4664 | D:7      | Reached skill level 9 in Unarmed Combat
  4664 | D:7      | Reached XP level 9. HP: 73/80 MP: 6/8
  4772 | D:7      | Reached skill level 5 in Shields
  4821 | D:7      | Reached *** piety under Okawaru
  4875 | D:7      | Found a transporter.
  4897 | D:7      | Found a one-way gate to the infinite horrors of the Abyss.
  4897 | D:7      | Noticed zurenarrh's ghost (novice TrWr)
  4916 | D:7      | Found a transporter.
  5007 | D:7      | Found a shadowy altar of Dithmenos.
  5073 | D:7      | Reached skill level 1 in Throwing
  5737 | D:8      | Got the Textbook on Bolts
  5768 | D:8      | Reached skill level 10 in Unarmed Combat
  5803 | D:8      | Found a blossoming altar of Fedhas.
  5812 | D:8      | Reached skill level 5 in Transmutations
  5813 | D:8      | Reached **** piety under Okawaru
  5829 | D:8      | Reached skill level 1 in Maces & Flails
  5916 | D:8      | Found a bloodstained altar of Trog.
  5916 | D:8      | Found a snail-covered altar of Cheibriados.
  5981 | D:8      | Found an ancient bone altar of Kikubaaqudgha.
  6238 | D:8      | Found an opulent altar of Gozag.
  6503 | D:9      | Reached XP level 10. HP: 71/91 MP: 9/9
  7435 | D:10     | Entered Level 10 of the Dungeon
  7490 | D:10     | Noticed a two-headed ogre
  7502 | D:10     | Killed a two-headed ogre
  7502 | D:10     | Reached ***** piety under Okawaru
  7503 | D:10     | Reached skill level 11 in Unarmed Combat
  7601 | D:10     | Received a gift from Okawaru
  7788 | D:10     | Identified the +0 hat of Watchfulness {Int+4} (Okawaru
                  | gifted it to you on level 10 of the Dungeon)
  7788 | D:10     | Received a gift from Okawaru
  7914 | D:10     | Found a staircase to the Orcish Mines.
  7972 | D:11     | Noticed a death knight
  7983 | D:11     | Noticed a death knight
  7987 | D:11     | Slain by a death knight

Illustrated notes

Levels and vault maps discovered:
D:1:      dreamdust_arrival_sigmund_warning, layout_basic,
          dreamdust_ecumenical_altar_grove
D:2:      wad_river_or_something, layout_basic, nicolae_shop_unique_rings,
          kennysheep_generic_room_13, uniq_jessica
D:3:      layout_loops_ring, uniq_terence
D:4:      layout_basic, minmay_temple_entry_slanted, serial_shops,
          nicolae_shop_behind_doors
D:5:      layout_loops_ring, mainiacjoe_overflow_cross_hatched,
          worldfamousw_hep_ancestral_shrine, hangedman_abyss_or_decor_stagger,
          nicolae_shop_gadgets, uniq_grinder
D:6:      layout_rooms, mainiacjoe_overflow_chevrons, kennysheep_generic_room_5
D:7:      layout_loops_corners, mainiacjoe_overflow_brackets,
          gammafunk_ghost_abyssal_escape
D:8:      layout_cave_pools, lemuel_round_altar, amcnicky_altar_gilded,
          nicolae_kikubaaqudgha_miasma_corner, gammafunk_temple_overflow_pools
D:9:      layout_stronghold
D:10:     layout_big_octagon, david_orc_4, serial_column_ruins,
          column_ruins_square_medium, column_ruins_grid_4,
          column_ruins_columns_straight, column_ruins_corridor_dead_end
D:11:     cheibrodos_tormentor_scu, layout_irregular_city, dpeg_oklobed_lair,
          nemelex_spade_bored_becter
Temple:   hellmonk_temple_forest_ring

Skill      XL: |  1  2  3  4  5  6  7  8  9 10 |
---------------+-------------------------------+-----
Shields        | 3 4 5 6 |  6.6
Unarmed Combat | 3 4 6 7 9 10 11 | 11.4
Fighting       | 3 |  3.0
Dodging        | 3 |  3.0
Transmutations | 1 2 3 4 5 |  5.7
Throwing       | 2 4 |  4.0
Maces & Flails | 1 3 |  3.3
Polearms       | |  0.7

Action                   |  1- 3 |  4- 6 |  7- 9 | 10-12 || total
-------------------------+-------+-------+-------+-------++-------
Melee: Unarmed           |   114 |   179 |   245 |   126 ||   664
       Kick              |       |     8 |     3 |    12 ||    23
       Headbutt          |       |     4 |     3 |     6 ||    13
Throw: Stone             |       |       |     3 |       ||     3
       Dart              |       |       |       |     4 ||     4
 Cast: Beastly Appendage |       |     3 |     3 |     3 ||     9
       Wereblood         |       |       |       |     2 ||     2
  Use: Scroll            |       |     7 |    11 |     4 ||    22
Armor: Robe              |    29 |    34 |    13 |       ||    76
       Steam dragon scal |       |       |    64 |    12 ||    76
       Troll leather arm |       |       |       |    28 ||    28
Dodge: Dodged            |    34 |    51 |    58 |    34 ||   177
Block: Kite shield       |    33 |    44 |    84 |    52 ||   213
